 Dungeon Crawl Stone Soup version 0.18-a0-1789-gbeff17f (webtiles) character file.

9 macross the Sneak (level 2, -1/13 HPs)
             Began as a Spriggan Enchanter on Apr 21, 2016.
             Slain by a hobgoblin
             ... wielding a +0 club
              (5 damage)
             ... on level 2 of the Dungeon.
             The game lasted 00:02:26 (297 turns).

macross the Sneak (Spriggan Enchanter)               Turns: 297, Time: 00:02:26

Health: -1/13      AC:  3    Str:  4    XL:     2   Next: 6%
Magic:  2/6        EV: 18    Int: 16    God:
Gold:   19         SH:  0    Dex: 16    Spells: 1 memorised, 5 levels left

rFire  . . .     SeeInvis +     a - +1 dagger
rCold  . . .     Gourm    .     b - +1 robe
rNeg   . . .     Faith    .     (shield restricted)
rPois  .         Spirit   .     (helmet restricted)
rElec  .         Dismiss  .     (no cloak)
rCorr  .         Reflect  .     (gloves unavailable)
SustAt .         Harm     .     (boots unavailable)
MR     .....                    (no amulet)
Stlth  +++.......               (no ring)
                                (no ring)

@: very slightly contaminated, very quick, not resistant to hostile
enchantments, fairly stealthy
A: unfitting armour, see invisible, herbivore 3, speed 3, slow metabolism 2
a: no special abilities


You were on level 2 of the Dungeon.
You were not hungry.

You visited 1 branch of the dungeon, and saw 2 of its levels.

You collected 19 gold pieces.

Inventory:

Hand Weapons
 a - a +1 dagger (weapon)
Armour
 b - a +1 robe (worn)
Scrolls
 f - 2 scrolls of teleportation {unknown}
 i - a scroll of amnesia {unknown}
 j - a scroll of identify {unknown}
Potions
 e - a potion of heal wounds {unknown}
 g - a potion of invisibility {unknown}
 h - a potion of agility {unknown}
 k - a potion of lignification {unknown}
Books
 c - a book of Maledictions

   Spells                             Type                      Level
   a - Corona                         Hexes                        1
   b - Ensorcelled Hibernation        Hexes/Ice                    2
   c - Confuse                        Hexes                        3
   d - Tukima's Dance                 Hexes                        3
   e - Dazzling Spray                 Conjuration/Hexes            3
Comestibles
 d - 2 bread rations


   Skills:
 * Level 1.7 Short Blades
 + Level 3.2 Dodging
 + Level 4.6 Stealth
 + Level 2.7 Spellcasting
 - Level 3.7 Hexes


You had 5 spell levels left.
You knew the following spells:

 Your Spells              Type           Power        Failure   Level  Hunger
a - Corona                Hex            ##.....      6%          1    #......


Dungeon Overview and Level Annotations

Branches:
Dungeon (2/15)

Altars:


Innate Abilities, Weirdness & Mutations

You are tiny and cannot use many weapons and most armour.
You have supernaturally acute eyesight.
You are a herbivore.
You cover ground extremely quickly.
You need consume almost no food.


Message History

Casting: Corona
Confirm with . or Enter, or press ? or * to list all spells.
Aiming: Corona
Press: ? - help, Shift-Dir - straight line, f - kobold, p - hobgoblin
Aim: a kobold, wielding a short sword (chance to defeat MR: 84%)
You miscast Corona.
You are very lightly contaminated with residual magic.
The light around you dims momentarily. The hobgoblin misses you.
The kobold hits you with a short sword.
Casting: Corona
Confirm with . or Enter, or press ? or * to list all spells.
Aiming: Corona
Press: ? - help, Shift-Dir - straight line, f/p - kobold
Aim: a kobold, wielding a short sword (chance to defeat MR: 84%)
The kobold is outlined in light.
The hobgoblin closely misses you. The kobold barely misses you.
You hit the hobgoblin.
The hobgoblin is moderately wounded.
The hobgoblin hits you with a club.
You die...

........#######.## ####
......#.#........# #..
......#.....# #..# #.#
......#.....###..####.#
.................†...>#
#...#.........####.#
##.###.......(...# #.#
........K)......## #.#
##.###g@...P♣.P.#####'##
+.......♣PP..K.....
#...♣P♣♣.♣.........
<.....♣♣♣♣P.........
........ P.........
.^.....PP .P........
.......##P. ..........
.......## #....#####...
#. #..#


You could see a hobgoblin and a kobold.

Vanquished Creatures
  A giant gecko (D:2)
  A bat (D:1)
  3 kobolds (D:1)
  A giant newt (D:1)
  3 rats
9 creatures vanquished.

Notes
Turn   | Place    | Note
--------------------------------------------------------------
     0 | D:1      | macross the Spriggan Enchanter began the quest for the Orb.
     0 | D:1      | Reached XP level 1. HP: 9/9 MP: 5/5
   272 | D:2      | Reached XP level 2. HP: 12/13 MP: 6/6
   297 | D:2      | Slain by a hobgoblin

Vault maps used:
D:1:      eino_arrival_druids_welcome
D:2:      kennysheep_vampire_church, ecumenical_altar_2, serial_forest,
          infiniplex_forest_corner_1, infiniplex_forest_lined_corner,
          infiniplex_forest_clump_double, infiniplex_forest_clump_medium,
          infiniplex_forest_straight_4, infiniplex_forest_straight_4,
          infiniplex_forest_end_double, serial_bayou_pond_a, st_stairs_7

Action                   || total
-------------------------++-------
Melee: Dagger            ||    39
 Cast: Corona            ||     7
 Stab: Sleeping          ||     2
Armor: Robe              ||     5
Dodge: Dodged            ||    47
